AoeStats
← Pedro

Arabia

510853249Analyzed
1v1 RM · 19h ago on Oct 2, 2026· 28m 43s· 2 players
Game mode
Random Map
Map size
Tiny (2 player)
Population
200
Speed
Normal
Resources
Standard
Victory
Conquest
Starting age
Dark Age
Ending age
Imperial Age
RankedLock teamsTeams togetherTeam positionsShared explorationLock speedFull tech treeHidden civsTurbo modeCheats
Victory
Defeat
🇧🇷 Poles · Brazil
2318
+16
🇧🇷 Italians · Brazil
2319
-16
Pedro
6:11 Loom
10:04 Feudal Age
10:35 Double-Bit Axe
22:28 Castle Age
21:11 Bloodlines
20:56 Fletching
21:05 Horse Collar
21:44 Padded Archer Armor
22:28 Gold Mining
23:49 Bodkin Arrow
24:50 Husbandry
25:43 Leather Archer Armor
27:14 Scale Barding Armor
28:20 Ballistics
xana
4:50 Loom
10:06 Loom
12:38 Feudal Age
14:40 Double-Bit Axe
21:28 Castle Age
19:50 Horse Collar
20:57 Scale Barding Armor
21:07 Fletching
22:38 Bow Saw
22:08 Crossbowman
24:35 Bodkin Arrow
26:18 Wheelbarrow
26:26 Bloodlines
26:44 Padded Archer Armor
28:55 Leather Archer Armor
Connection lost

Rejoining the realm…

Still unreachable

The connection could not be restored.

Session expired

The server has moved on; the page needs a fresh start.